Match 47350949
Unlisted

Match 47350949
End
Royal Engineer Section
Construct Section Command Post
Selects Indian Artillery Battlegroup
Infantry Section
Infantry Section
Infantry Section
Construct Platoon Command Post
Humber Armored Car
Construct Field Infirmary
Infantry Training
Selects Valour
Selects Gurkha Rifles Section
Selects Towed ML 4.2-inch Heavy Mortar
Towed ML 4.2-inch Heavy Mortar
Construct Company Command Post
6-pounder Anti-tank Gun Team
Selects Volunteer Infantry
Unlock M3 Grant Medium Tanks
M3 Grant Medium Tank
6-pounder Anti-tank Gun Team
Selects Off-map Airburst Barrage
Off-map Airburst Barrage
M3 Grant Medium Tank
Selects Perimeter Monitor
Armored Vehicle Training
Grenade Package
Naat
UMirinBrah?
0
0

Comments sign in to comment!

No comments posted yet!